WCHLSIM.com - West Coast Hockey League
html PUBLIC "-//W3C//DTD XHTML 1.0 Transitional//EN" "http://www.w3.org/TR/xhtml1/DTD/xhtml1-transitional.dtd"> WCHL - Game 682 - SEATTLE GRUNGE vs SACRAMENTO BANDITS

SEATTLE GRUNGE vs SACRAMENTO BANDITS

Created - 20 janvier 2020 at 17:41

Goals
1 2 3 T
SEATTLE GRUNGE 0 1 0 1
SACRAMENTO BANDITS 2 0 0 2
Shots
1 2 3 T
SEATTLE GRUNGE 6 10 7 23
SACRAMENTO BANDITS 8 17 6 31

1st period

1. SACRAMENTO BANDITS , Claude Giroux 28 (Jakub Voracek 19, John Carlson 27) at 9:03
2. SACRAMENTO BANDITS , Claude Giroux 29 (Jonathan Huberdeau 37, Jakub Voracek 20) at 14:14 (PP)

Penalties :
Matthew Grzelcyk (SEA) for Hooking (Minor) at 4:51, Rasmus Dahlin (SEA) for Interference (Minor) at 13:05

2nd period

3. SEATTLE GRUNGE , Tyler Seguin 29 (Jeff Skinner 22) at 10:00

Penalties :
Rasmus Dahlin (SEA) for Interference (Minor) at 6:46, Jonathan Huberdeau (SAC) for Hooking (Minor) at 12:45, Steve Bernier (SEA) for Slashing (Minor) at 16:38

3rd period

No Goal

Penalties :
Jujhar Khaira (SAC) for Holding (Minor) at 17:43, Matthew Grzelcyk (SEA) for Holding (Minor) at 17:43

Goalie Stats

Carter Hutton (SEA), 29 saves from 31 shots - (0,935), L, 6-4-1, 59:21 minutes
Andrei Vasilevskiy (SAC), 22 saves from 23 shots - (0,957), W, 28-11-4, 60:00 minutes

Players Stats for SEATTLE GRUNGE

Player Name              G  A  P  +/- PIM S  H  SB GA TA FO     MP     PP MP  PK MP  
------------------------------------------------------------------------------------
Brandon Saad             0  0  0   0  0   3  2  0  0  0  0/1    13:04   0:00   0:00 
Chris Tierney            0  0  0   0  0   1  0  0  0  0  11/23  17:17   1:02   2:55 
Damon Severson           0  0  0   1  0   0  1  3  0  0  0/0    21:48   0:57   3:29 
Jeff Skinner             0  1  1   0  0   0  0  0  0  0  2/3    16:08   0:57   3:37 
Josh Bailey              0  0  0   0  0   0  1  1  0  0  0/0    16:04   0:57   3:17 
Matthew Grzelcyk         0  0  0   0  4   2  0  1  0  0  0/0    16:16   0:00   0:45 
Michael Frolik           0  0  0   0  0   2  0  1  0  0  1/4    17:54   1:02   3:16 
Mike Sgarbossa           0  0  0   0  0   0  2  0  0  0  1/1    13:06   0:00   0:00 
Oskar Sundqvist          0  0  0   0  0   1  0  0  0  0  6/14   14:12   1:02   0:47 
Rasmus Dahlin            0  0  0   1  4   1  3  0  0  0  0/0    20:22   0:57   1:10 
Roman Josi               0  0  0  -1  0   1  3  0  0  0  0/0    23:53   1:02   4:51 
Seth Jones               0  0  0  -1  0   0  3  0  0  0  0/0    19:56   1:02   0:54 
Steve Bernier            0  0  0   0  2   0  7  0  0  0  0/0    12:22   0:00   0:00 
Travis Sanheim           0  0  0   0  0   0  0  2  0  0  0/0    17:41   0:00   3:03 
Tyler Seguin             1  0  1   0  0   11 0  0  0  0  9/14   13:57   0:57   0:00 
Victor Rask              0  0  0   0  0   0  0  0  0  0  0/0    12:12   0:00   0:00 
Vladimir Sobotka         0  0  0   0  0   0  0  0  0  0  0/1    12:23   0:00   0:00 
Zemgus Girgensons        0  0  0   0  0   1  0  0  0  0  5/16   12:15   0:00   0:20 

Players Stats for SACRAMENTO BANDITS

Player Name              G  A  P  +/- PIM S  H  SB GA TA FO     MP     PP MP  PK MP  
------------------------------------------------------------------------------------
Aaron Ekblad             0  0  0   0  0   2  1  0  0  0  0/0    23:55   2:35   0:50 
Aleksander Barkov        0  0  0   0  0   1  0  0  0  0  16/24  18:40   3:18   0:00 
Antoine Roussel          0  0  0   0  0   0  0  0  0  0  0/0     5:02   0:00   0:47 
Claude Giroux            2  0  2   0  0   9  0  0  0  0  15/26  20:19   3:48   0:00 
Clayton Keller           0  0  0   0  0   0  0  0  0  0  0/0    14:25   0:03   0:00 
Drake Caggiula           0  0  0   0  0   0  0  0  0  0  0/0     4:15   0:00   0:00 
Ivan Provorov            0  0  0   0  0   0  0  0  0  0  0/0    22:28   0:00   1:09 
Jakub Voracek            0  2  2   0  0   2  0  0  0  0  0/3    21:01   3:48   0:00 
Jamie Benn               0  0  0   0  0   3  0  0  0  0  0/1    19:37   3:18   0:57 
John Carlson             0  1  1   0  0   3  0  0  0  0  0/0    21:37   4:31   0:00 
Jonathan Huberdeau       0  1  1   0  2   9  4  0  0  0  0/1    20:18   3:48   0:00 
Jordan Martinook         0  0  0   0  0   2  4  0  0  0  8/16   18:39   3:15   1:02 
Jujhar Khaira            0  0  0   0  2   0  1  0  0  0  0/1    12:47   0:00   0:00 
Kevin Connauton          0  0  0   0  0   0  4  0  0  0  0/0    12:30   0:00   0:00 
Mattias Ekholm           0  0  0   0  0   0  1  1  0  0  0/0    23:35   4:31   1:09 
Nick Schmaltz            0  0  0   0  0   0  0  0  0  0  0/0     0:12   0:00   0:12 
Scott Laughton           0  0  0   0  0   0  0  0  0  0  3/5    20:45   0:00   1:00 
Vince Dunn               0  0  0   0  0   0  1  1  0  0  0/0    15:55   2:35   0:50 

3 Stars

1 - Claude Giroux (SAC)
2 - Andrei Vasilevskiy (SAC)
3 - Jakub Voracek (SAC)

Power Play

SEATTLE GRUNGE - 0 on 1 Attempt(s) - 0,00%
SACRAMENTO BANDITS - 1 on 4 Attempt(s) - 25,00%

Penalty Kill

SEATTLE GRUNGE - 3 on 4 Attempt(s) - 75,00% - Score 0 goal in Penalty Kill
SACRAMENTO BANDITS - 1 on 1 Attempt(s) - 100,00% - Score 0 goal in Penalty Kill

Team Stat

SEATTLE GRUNGE - Hits : 22 - Faceoff Wins : 35 - Blocked Shots : 8 - Penalty Minutes : 10
SACRAMENTO BANDITS - Hits : 16 - Faceoff Wins : 42 - Blocked Shots : 2 - Penalty Minutes : 4

Official

Referees : Francois StLaurent and Dan O'Rourke
Linesman : Kyle Allen and Shandor Alphonso

Game Notes

No Game Note

Finance

Level 1 -- Attendance: 6205 (100,00%) -- Ticket Income 775 625 $
Level 2 -- Attendance: 5280 (100,00%) -- Ticket Income 422 400 $
Level 3 -- Attendance: 2135 (100,00%) -- Ticket Income 113 155 $
Level 4 -- Attendance: 4280 (100,00%) -- Ticket Income 158 360 $
Luxury Box -- Attendance: 1010 (100,00%) -- Ticket Income 252 500 $
Game was played at the Sacramento Center Palace.
Total Attendance: 18910 (100,00%)
Total Ticket Income: 1 722 040 $
Other Income: 516 612 $
Total Income: 2 238 652 $

SEATTLE GRUNGE

5 vs 5 Forward 
   Center                   Left Wing                Right Wing               Time % Phy DF OF 
 1 Tyler Seguin             Jeff Skinner             Josh Bailey              25     1   2  2  
 2 Chris Tierney            Brandon Saad             Michael Frolik           25     1   2  2  
 3 Oskar Sundqvist          Vladimir Sobotka         Steve Bernier            25     1   2  2  
 4 Zemgus Girgensons        Mike Sgarbossa           Victor Rask              25     1   2  2  

5 vs 5 Defense 
   Defense                  Defense                                           Time % Phy DF OF 
 1 Roman Josi               Seth Jones                                        34     1   2  2  
 2 Damon Severson           Rasmus Dahlin                                     33     1   2  2  
 3 Travis Sanheim           Matthew Grzelcyk                                  33     1   2  2  
 4 Roman Josi               Seth Jones                                        0      1   2  2  

PowerPlay Forward 
   Center                   Left Wing                Right Wing               Time % Phy DF OF 
 1 Tyler Seguin             Jeff Skinner             Josh Bailey              55     1   2  2  
 2 Chris Tierney            Oskar Sundqvist          Michael Frolik           45     1   2  2  

PowerPlay Defense
   Defense                  Defense                                           Time % Phy DF OF 
 1 Roman Josi               Seth Jones                                        55     1   2  2  
 2 Damon Severson           Rasmus Dahlin                                     45     1   2  2  

Penalty Kill 4 Players Forward 
   Center                   Wing                     Time % Phy DF OF 
 1 Michael Frolik           Jeff Skinner             55     1   2  2  
 2 Chris Tierney            Josh Bailey              45     1   2  2  

Penalty Kill 4 Players Defense
   Defense                  Defense                  Time % Phy DF OF 
 1 Roman Josi               Travis Sanheim           55     1   2  2  
 2 Damon Severson           Rasmus Dahlin            45     1   2  2  

Penalty Kill - 3 Players Forward 
   Forward                                           Time % Phy DF OF 
 1 Josh Bailey                                       55     1   2  2  
 2 Chris Tierney                                     45     1   2  2  

Penalty Kill - 3 Players Defense
   Defense                  Defense                  Time % Phy DF OF 
 1 Roman Josi               Seth Jones               55     1   2  2  
 2 Damon Severson           Rasmus Dahlin            45     1   2  2  

4 vs 4 Forward 
   Center                   Wing                     Time % Phy DF OF 
 1 Tyler Seguin             Michael Frolik           55     1   2  2  
 2 Chris Tierney            Josh Bailey              45     1   2  2  

4 vs 4 Defense
   Defense                  Defense                  Time % Phy DF OF 
 1 Roman Josi               Seth Jones               55     1   2  2  
 2 Damon Severson           Rasmus Dahlin            45     1   2  2  

Last Minutes Offensive
   Center                   Left Wing                Right Wing               Defense                  Defense                  
   Tyler Seguin             Jeff Skinner             Josh Bailey              Roman Josi               Seth Jones               

Last Minutes Defensive
   Center                   Left Wing                Right Wing               Defense                  Defense                  
   Tyler Seguin             Jeff Skinner             Josh Bailey              Roman Josi               Seth Jones               

Goaltenders
Starting : Carter Hutton            
Backup : Chad Johnson             

Extra Forwards
Normal : Mike Sgarbossa, Victor Rask, Oskar Sundqvist - PP : Mike Sgarbossa, Victor Rask - PK : Oskar Sundqvist
Extra Defensemen
Normal : Travis Sanheim, Seth Jones, Damon Severson - PP : Travis Sanheim - PK : Roman Josi, Damon Severson
Penalty Shots
Oskar Sundqvist, Victor Rask, Chris Tierney, Josh Bailey, Michael Frolik
Custom OT Lines Forwards
Victor Rask, Mike Sgarbossa, Chris Tierney, Josh Bailey, Tyler Seguin, Michael Frolik, Oskar Sundqvist, Vladimir Sobotka, Zemgus Girgensons, Steve Bernier
Custom OT Lines Defensemen
Roman Josi, Seth Jones, Damon Severson, Rasmus Dahlin, Travis Sanheim

Scratches
Yannick Weber (Healthy), J.T. Brown (Healthy), Semyon Varlamov (Healthy)

SACRAMENTO BANDITS

5 vs 5 Forward 
   Center                   Left Wing                Right Wing               Time % Phy DF OF 
 1 Claude Giroux            Jonathan Huberdeau       Jakub Voracek            34     0   1  4  
 2 Aleksander Barkov        Scott Laughton           Jamie Benn               34     0   1  4  
 3 Jordan Martinook         Jujhar Khaira            Clayton Keller           22     0   3  2  
 4 Scott Laughton           Antoine Roussel          Drake Caggiula           10     0   3  2  

5 vs 5 Defense 
   Defense                  Defense                                           Time % Phy DF OF 
 1 Aaron Ekblad             Ivan Provorov                                     43     0   1  4  
 2 John Carlson             Mattias Ekholm                                    37     0   2  3  
 3 Vince Dunn               Kevin Connauton                                   20     1   4  0  
 4 Aaron Ekblad             Mattias Ekholm                                    0      1   2  2  

PowerPlay Forward 
   Center                   Left Wing                Right Wing               Time % Phy DF OF 
 1 Aleksander Barkov        Jordan Martinook         Jamie Benn               55     0   0  5  
 2 Claude Giroux            Jonathan Huberdeau       Jakub Voracek            45     0   0  5  

PowerPlay Defense
   Defense                  Defense                                           Time % Phy DF OF 
 1 John Carlson             Mattias Ekholm                                    57     0   0  5  
 2 Aaron Ekblad             Vince Dunn                                        43     0   0  5  

Penalty Kill 4 Players Forward 
   Center                   Wing                     Time % Phy DF OF 
 1 Scott Laughton           Jordan Martinook         55     0   5  0  
 2 Jamie Benn               Antoine Roussel          45     0   5  0  

Penalty Kill 4 Players Defense
   Defense                  Defense                  Time % Phy DF OF 
 1 Mattias Ekholm           Ivan Provorov            55     0   5  0  
 2 Aaron Ekblad             Vince Dunn               45     0   5  0  

Penalty Kill - 3 Players Forward 
   Forward                                           Time % Phy DF OF 
 1 Jordan Martinook                                  55     0   5  0  
 2 Jamie Benn                                        45     0   5  0  

Penalty Kill - 3 Players Defense
   Defense                  Defense                  Time % Phy DF OF 
 1 Ivan Provorov            Kevin Connauton          55     0   5  0  
 2 Aaron Ekblad             Mattias Ekholm           45     0   5  0  

4 vs 4 Forward 
   Center                   Wing                     Time % Phy DF OF 
 1 Jordan Martinook         Clayton Keller           55     0   2  3  
 2 Jujhar Khaira            Scott Laughton           45     0   2  3  

4 vs 4 Defense
   Defense                  Defense                  Time % Phy DF OF 
 1 Kevin Connauton          Vince Dunn               55     0   2  3  
 2 Ivan Provorov            Mattias Ekholm           45     0   2  3  

Last Minutes Offensive
   Center                   Left Wing                Right Wing               Defense                  Defense                  
   Aleksander Barkov        Jamie Benn               Jakub Voracek            John Carlson             Aaron Ekblad             

Last Minutes Defensive
   Center                   Left Wing                Right Wing               Defense                  Defense                  
   Aleksander Barkov        Jakub Voracek            Jamie Benn               John Carlson             Aaron Ekblad             

Goaltenders
Starting : Andrei Vasilevskiy       
Backup : Ryan Miller              

Extra Forwards
Normal : Clayton Keller, Jakub Voracek, Jordan Martinook - PP : Clayton Keller, Jordan Martinook - PK : Jamie Benn
Extra Defensemen
Normal : Vince Dunn, Kevin Connauton, Aaron Ekblad - PP : Mattias Ekholm - PK : Aaron Ekblad, Mattias Ekholm
Penalty Shots
Aleksander Barkov, Jonathan Huberdeau, Claude Giroux, Jakub Voracek, Jamie Benn
Custom OT Lines Forwards
Claude Giroux, Jonathan Huberdeau, Jakub Voracek, Aleksander Barkov, Jamie Benn, Scott Laughton, Antoine Roussel, Jujhar Khaira, Clayton Keller, Jordan Martinook
Custom OT Lines Defensemen
John Carlson, Aaron Ekblad, Vince Dunn, Mattias Ekholm, Kevin Connauton

Scratches
Dale Weise (Healthy), Carl Gunnarsson (Healthy)

% Time on Ice - SEATTLE GRUNGE

Lines # - Real PCT - Wanted PCT - Time Play
Normal Forward
1 - 23% - 25% - 11:17
2 - 27% - 25% - 13:04
3 - 25% - 25% - 12:23
4 - 24% - 25% - 11:55
Normal Defense
1 - 33% - 34% - 16:17
2 - 35% - 33% - 16:49
3 - 32% - 33% - 15:33
4 - 0% - 0% - 0:00
PP Forward
1 - 48% - 55% - 0:57
2 - 52% - 45% - 1:02
PP Defense
1 - 52% - 55% - 1:02
2 - 48% - 45% - 0:57
PK Forward
1 - 59% - 55% - 4:11
2 - 41% - 45% - 2:55
PK Defense
1 - 51% - 55% - 3:37
2 - 49% - 45% - 3:29
PK3 Forward
1 - 0% - 55%
2 - 0% - 45%
PK3 Defense
1 - 0% - 55%
2 - 0% - 45%
44 Forward
1 - 87% - 55% - 1:43
2 - 13% - 45% - 0:16
44 Defense
1 - 87% - 55% - 1:43
2 - 13% - 45% - 0:16
Last Minute Offensive  - 0:17
Last Minute Defensive  - 0:00
Total
Forward - 60:00
Defense - 60:00

% Time on Ice - SACRAMENTO BANDITS

Lines # - Real PCT - Wanted PCT - Time Play
Normal Forward
1 - 34% - 34% - 16:31
2 - 31% - 34% - 15:05
3 - 26% - 22% - 12:48
4 - 9% - 10% - 4:15
Normal Defense
1 - 42% - 43% - 20:13
2 - 35% - 37% - 16:49
3 - 24% - 20% - 11:37
4 - 0% - 0% - 0:00
PP Forward
1 - 46% - 55% - 3:18
2 - 54% - 45% - 3:48
PP Defense
1 - 64% - 57% - 4:31
2 - 36% - 43% - 2:35
PK Forward
1 - 61% - 55% - 1:12
2 - 39% - 45% - 0:47
PK Defense
1 - 58% - 55% - 1:09
2 - 42% - 45% - 0:50
PK3 Forward
1 - 0% - 55%
2 - 0% - 45%
PK3 Defense
1 - 0% - 55%
2 - 0% - 45%
44 Forward
1 - 79% - 55% - 1:34
2 - 21% - 45% - 0:25
44 Defense
1 - 45% - 55% - 0:53
2 - 55% - 45% - 1:06
Last Minute Offensive  - 0:00
Last Minute Defensive  - 0:17
Total
Forward - 60:00
Defense - 60:00

Play-by-Play

1st period


0:01 of 1st period - Tyler Seguin wins face-off versus Claude Giroux in neutral zone.
0:01 of 1st period - Tyler Seguin is hit by Jonathan Huberdeau.
0:09 of 1st period - Shot by Jeff Skinner.
0:09 of 1st period - Deflect By Tyler Seguin.
0:09 of 1st period - Stopped by Andrei Vasilevskiy with a rebound.
0:20 of 1st period - Shot by Tyler Seguin.
0:20 of 1st period - Stopped by Andrei Vasilevskiy without a rebound.
0:21 of 1st period - Chris Tierney wins face-off versus Aleksander Barkov in SACRAMENTO BANDITS zone.
0:24 of 1st period - Shot by Brandon Saad.
0:24 of 1st period - Stopped by Andrei Vasilevskiy without a rebound.
0:25 of 1st period - Jordan Martinook wins face-off versus Oskar Sundqvist in SACRAMENTO BANDITS zone.
0:25 of 1st period - Jordan Martinook is hit by Steve Bernier.
0:56 of 1st period - Shot by John Carlson.
0:56 of 1st period - Stopped by Carter Hutton with a rebound.
0:58 of 1st period - Shot by Jordan Martinook.
0:58 of 1st period - Stopped by Carter Hutton without a rebound.
0:59 of 1st period - Zemgus Girgensons wins face-off versus Aleksander Barkov in SEATTLE GRUNGE zone.
1:06 of 1st period - Shot by Zemgus Girgensons.
1:06 of 1st period - Stopped by Andrei Vasilevskiy without a rebound.
1:07 of 1st period - Chris Tierney wins face-off versus Aleksander Barkov in SACRAMENTO BANDITS zone.
1:17 of 1st period - Shot by Brandon Saad.
1:17 of 1st period - Shot Hit the Post.
1:19 of 1st period - Shot by Michael Frolik.
1:19 of 1st period - Stopped by Andrei Vasilevskiy without a rebound.
1:20 of 1st period - Claude Giroux wins face-off versus Zemgus Girgensons in SACRAMENTO BANDITS zone.
1:31 of 1st period - Icing by Zemgus Girgensons.
1:32 of 1st period - Scott Laughton wins face-off versus Zemgus Girgensons in SEATTLE GRUNGE zone.
2:03 of 1st period - Shot by Antoine Roussel.
2:03 of 1st period - Shot Misses the Net.
2:15 of 1st period - Shot by Scott Laughton.
2:15 of 1st period - Shot Misses the Net.
3:50 of 1st period - Shot by Jordan Martinook.
3:50 of 1st period - Shot Misses the Net.
3:52 of 1st period - Shot by Jordan Martinook.
3:52 of 1st period - Shot Misses the Net.
4:51 of 1st period - Shot by Aleksander Barkov.
4:51 of 1st period - Stopped by Carter Hutton without a rebound.
4:51 of 1st period - Minor Penalty to Matthew Grzelcyk for Hooking.
4:52 of 1st period - Claude Giroux wins face-off versus Oskar Sundqvist in SEATTLE GRUNGE zone.
8:05 of 1st period - Icing by Kevin Connauton.
8:06 of 1st period - Tyler Seguin wins face-off versus Jordan Martinook in SACRAMENTO BANDITS zone.
8:06 of 1st period - Roman Josi is hit by Kevin Connauton and loses puck.
9:03 of 1st period - Shot by Claude Giroux.
9:03 of 1st period - Goal by Claude Giroux - SEATTLE GRUNGE : 0 - SACRAMENTO BANDITS : 1.
9:04 of 1st period - Chris Tierney wins face-off versus Aleksander Barkov in neutral zone.
9:57 of 1st period - Jamie Benn is hit by Rasmus Dahlin.
10:21 of 1st period - Shot by Jordan Martinook.
10:21 of 1st period - Shot Misses the Net.
11:06 of 1st period - Shot by Tyler Seguin.
11:06 of 1st period - Stopped by Andrei Vasilevskiy without a rebound.
11:07 of 1st period - Claude Giroux wins face-off versus Vladimir Sobotka in SACRAMENTO BANDITS zone.
11:16 of 1st period - Shot by Jonathan Huberdeau.
11:16 of 1st period - Shot Misses the Net.
11:18 of 1st period - Shot by Claude Giroux.
11:18 of 1st period - Shot Blocked by Matthew Grzelcyk.
11:36 of 1st period - Shot by Claude Giroux.
11:36 of 1st period - Shot Misses the Net.
11:52 of 1st period - Kevin Connauton is hit by Steve Bernier.
12:42 of 1st period - Shot by Jamie Benn.
12:42 of 1st period - Shot Misses the Net.
12:44 of 1st period - Shot by Jamie Benn.
12:44 of 1st period - Stopped by Carter Hutton without a rebound.
12:45 of 1st period - Jordan Martinook wins face-off versus Zemgus Girgensons in SEATTLE GRUNGE zone.
13:05 of 1st period - Minor Penalty to Rasmus Dahlin for Interference.
13:06 of 1st period - Aleksander Barkov wins face-off versus Michael Frolik in SEATTLE GRUNGE zone.
14:12 of 1st period - Shot by Jonathan Huberdeau.
14:12 of 1st period - Stopped by Carter Hutton with a rebound.
14:14 of 1st period - Shot by Claude Giroux.
14:14 of 1st period - Goal by Claude Giroux - SEATTLE GRUNGE : 0 - SACRAMENTO BANDITS : 2.
14:15 of 1st period - Oskar Sundqvist wins face-off versus Scott Laughton in neutral zone.
14:47 of 1st period - Icing by Oskar Sundqvist.
14:48 of 1st period - Oskar Sundqvist wins face-off versus Claude Giroux in SEATTLE GRUNGE zone.
14:50 of 1st period - Icing by Travis Sanheim.
14:51 of 1st period - Claude Giroux wins face-off versus Oskar Sundqvist in SEATTLE GRUNGE zone.
15:04 of 1st period - Icing by Matthew Grzelcyk.
15:05 of 1st period - Oskar Sundqvist wins face-off versus Jamie Benn in SEATTLE GRUNGE zone.
16:00 of 1st period - Off-side.
16:01 of 1st period - Zemgus Girgensons wins face-off versus Claude Giroux in neutral zone.
16:59 of 1st period - Icing by Damon Severson.
17:00 of 1st period - Tyler Seguin wins face-off versus Jujhar Khaira in SEATTLE GRUNGE zone.
17:00 of 1st period - Tyler Seguin is hit by Jujhar Khaira.
17:05 of 1st period - Tyler Seguin is hit by Jordan Martinook and loses puck.
17:09 of 1st period - Off-side.
17:10 of 1st period - Aleksander Barkov wins face-off versus Chris Tierney in neutral zone.
17:38 of 1st period - Shot by Jamie Benn.
17:38 of 1st period - Shot Misses the Net.
18:16 of 1st period - Shot by Jakub Voracek.
18:16 of 1st period - Deflect By Jonathan Huberdeau.
18:16 of 1st period - Stopped by Carter Hutton without a rebound.
18:17 of 1st period - Claude Giroux wins face-off versus Zemgus Girgensons in SEATTLE GRUNGE zone.
19:28 of 1st period - Shot by Jujhar Khaira.
19:28 of 1st period - Shot Misses the Net.
19:30 of 1st period - Shot by Jordan Martinook.
19:30 of 1st period - Shot Misses the Net.
Goals for this period are 0 for SEATTLE GRUNGE vs 2 for SACRAMENTO BANDITS.
Shots for this period are 6 for SEATTLE GRUNGE vs 8 for SACRAMENTO BANDITS.

2nd period


0:01 of 2nd period - Aleksander Barkov wins face-off versus Oskar Sundqvist in neutral zone.
0:01 of 2nd period - Aleksander Barkov is hit by Steve Bernier.
0:08 of 2nd period - Scott Laughton is hit by Rasmus Dahlin and loses puck.
0:14 of 2nd period - Jamie Benn is hit by Rasmus Dahlin.
0:32 of 2nd period - Shot by Jamie Benn.
0:32 of 2nd period - Stopped by Carter Hutton without a rebound.
0:33 of 2nd period - Tyler Seguin wins face-off versus Claude Giroux in SEATTLE GRUNGE zone.
0:38 of 2nd period - Mattias Ekholm is hit by Josh Bailey and loses puck.
0:53 of 2nd period - Shot by Jeff Skinner.
0:53 of 2nd period - Deflect By Tyler Seguin.
0:53 of 2nd period - Shot Misses the Net.
0:55 of 2nd period - Shot by Tyler Seguin.
0:55 of 2nd period - Stopped by Andrei Vasilevskiy with a rebound.
0:59 of 2nd period - Shot by Tyler Seguin.
0:59 of 2nd period - Stopped by Andrei Vasilevskiy with a rebound.
1:01 of 2nd period - Shot by Matthew Grzelcyk.
1:01 of 2nd period - Stopped by Andrei Vasilevskiy without a rebound.
1:02 of 2nd period - Scott Laughton wins face-off versus Chris Tierney in SACRAMENTO BANDITS zone.
1:20 of 2nd period - Icing by Brandon Saad.
1:21 of 2nd period - Chris Tierney wins face-off versus Claude Giroux in SEATTLE GRUNGE zone.
1:41 of 2nd period - Shot by Jonathan Huberdeau.
1:41 of 2nd period - Stopped by Carter Hutton without a rebound.
1:42 of 2nd period - Jeff Skinner wins face-off versus Aleksander Barkov in SEATTLE GRUNGE zone.
1:51 of 2nd period - Shot by Tyler Seguin.
1:51 of 2nd period - Stopped by Andrei Vasilevskiy without a rebound.
1:52 of 2nd period - Aleksander Barkov wins face-off versus Oskar Sundqvist in SACRAMENTO BANDITS zone.
2:25 of 2nd period - Shot by Jamie Benn.
2:25 of 2nd period - Stopped by Carter Hutton without a rebound.
2:26 of 2nd period - Tyler Seguin wins face-off versus Claude Giroux in SEATTLE GRUNGE zone.
2:33 of 2nd period - Shot by Claude Giroux.
2:33 of 2nd period - Stopped by Carter Hutton with a rebound.
2:35 of 2nd period - Shot by John Carlson.
2:35 of 2nd period - Shot Blocked by Damon Severson.
2:51 of 2nd period - Shot by Tyler Seguin.
2:51 of 2nd period - Shot Blocked by Mattias Ekholm.
3:01 of 2nd period - Shot by Jonathan Huberdeau.
3:01 of 2nd period - Shot Blocked by Josh Bailey.
5:14 of 2nd period - Shot by Jordan Martinook.
5:14 of 2nd period - Stopped by Carter Hutton with a rebound.
5:16 of 2nd period - Shot by Jordan Martinook.
5:16 of 2nd period - Deflect By Clayton Keller.
5:16 of 2nd period - Shot Blocked by Travis Sanheim.
5:36 of 2nd period - Icing by Travis Sanheim.
5:37 of 2nd period - Claude Giroux wins face-off versus Oskar Sundqvist in SEATTLE GRUNGE zone.
5:46 of 2nd period - Shot by Jonathan Huberdeau.
5:46 of 2nd period - Stopped by Carter Hutton without a rebound.
5:47 of 2nd period - Zemgus Girgensons wins face-off versus Jakub Voracek in SEATTLE GRUNGE zone.
6:03 of 2nd period - Shot by Jonathan Huberdeau.
6:03 of 2nd period - Stopped by Carter Hutton without a rebound.
6:04 of 2nd period - Aleksander Barkov wins face-off versus Chris Tierney in SEATTLE GRUNGE zone.
6:04 of 2nd period - Ivan Provorov is hit by Seth Jones and loses puck.
6:29 of 2nd period - Shot by Chris Tierney.
6:29 of 2nd period - Shot Misses the Net.
6:37 of 2nd period - Shot by Michael Frolik.
6:37 of 2nd period - Stopped by Andrei Vasilevskiy without a rebound.
6:38 of 2nd period - Jordan Martinook wins face-off versus Zemgus Girgensons in SACRAMENTO BANDITS zone.
6:46 of 2nd period - Minor Penalty to Rasmus Dahlin for Interference.
6:47 of 2nd period - Claude Giroux wins face-off versus Michael Frolik in SEATTLE GRUNGE zone.
6:59 of 2nd period - Shot by Claude Giroux.
6:59 of 2nd period - Stopped by Carter Hutton without a rebound.
7:00 of 2nd period - Aleksander Barkov wins face-off versus Chris Tierney in SEATTLE GRUNGE zone.
7:13 of 2nd period - Shot by Jeff Skinner.
7:13 of 2nd period - Shot Misses the Net.
8:17 of 2nd period - Shot by Claude Giroux.
8:17 of 2nd period - Stopped by Carter Hutton without a rebound.
8:18 of 2nd period - Chris Tierney wins face-off versus Claude Giroux in SEATTLE GRUNGE zone.
8:33 of 2nd period - Icing by Jonathan Huberdeau.
8:34 of 2nd period - Claude Giroux wins face-off versus Michael Frolik in SACRAMENTO BANDITS zone.
9:22 of 2nd period - Shot by Scott Laughton.
9:22 of 2nd period - Shot Blocked by Travis Sanheim.
9:24 of 2nd period - Shot by Drake Caggiula.
9:24 of 2nd period - Shot Misses the Net.
9:26 of 2nd period - Shot by Aaron Ekblad.
9:26 of 2nd period - Stopped by Carter Hutton without a rebound.
9:27 of 2nd period - Tyler Seguin wins face-off versus Claude Giroux in SEATTLE GRUNGE zone.
10:00 of 2nd period - Shot by Tyler Seguin.
10:00 of 2nd period - Goal by Tyler Seguin - SEATTLE GRUNGE : 1 - SACRAMENTO BANDITS : 2.
10:01 of 2nd period - Chris Tierney wins face-off versus Jordan Martinook in neutral zone.
10:10 of 2nd period - Shot by Chris Tierney.
10:10 of 2nd period - Stopped by Andrei Vasilevskiy without a rebound.
10:11 of 2nd period - Aleksander Barkov wins face-off versus Oskar Sundqvist in SACRAMENTO BANDITS zone.
10:11 of 2nd period - Aleksander Barkov is hit by Steve Bernier.
10:29 of 2nd period - Shot by Jamie Benn.
10:29 of 2nd period - Shot Misses the Net.
10:31 of 2nd period - Shot by Aaron Ekblad.
10:31 of 2nd period - Stopped by Carter Hutton without a rebound.
10:32 of 2nd period - Claude Giroux wins face-off versus Brandon Saad in SEATTLE GRUNGE zone.
10:37 of 2nd period - Shot by Jakub Voracek.
10:37 of 2nd period - Stopped by Carter Hutton without a rebound.
10:38 of 2nd period - Tyler Seguin wins face-off versus Aleksander Barkov in SEATTLE GRUNGE zone.
10:45 of 2nd period - Shot by Jeff Skinner.
10:45 of 2nd period - Shot Misses the Net.
11:03 of 2nd period - Tyler Seguin is hit by Mattias Ekholm and loses puck.
11:47 of 2nd period - Off-side.
11:48 of 2nd period - Chris Tierney wins face-off versus Jordan Martinook in neutral zone.
11:51 of 2nd period - Shot by Roman Josi.
11:51 of 2nd period - Shot Misses the Net.
12:38 of 2nd period - Roman Josi is hit by Jonathan Huberdeau and loses puck.
12:43 of 2nd period - Shot by Claude Giroux.
12:43 of 2nd period - Stopped by Carter Hutton without a rebound.
12:44 of 2nd period - Mike Sgarbossa wins face-off versus Claude Giroux in SEATTLE GRUNGE zone.
12:44 of 2nd period - Mike Sgarbossa is hit by Jonathan Huberdeau.
12:45 of 2nd period - Minor Penalty to Jonathan Huberdeau for Hooking.
12:46 of 2nd period - Scott Laughton wins face-off versus Tyler Seguin in SACRAMENTO BANDITS zone.
13:48 of 2nd period - Shot by Roman Josi.
13:48 of 2nd period - Shot Misses the Net.
13:50 of 2nd period - Shot by Roman Josi.
13:50 of 2nd period - Stopped by Andrei Vasilevskiy without a rebound.
13:51 of 2nd period - Chris Tierney wins face-off versus Scott Laughton in SACRAMENTO BANDITS zone.
15:06 of 2nd period - Shot by Jonathan Huberdeau.
15:06 of 2nd period - Stopped by Carter Hutton without a rebound.
15:07 of 2nd period - Aleksander Barkov wins face-off versus Tyler Seguin in SEATTLE GRUNGE zone.
15:20 of 2nd period - Shot by Tyler Seguin.
15:20 of 2nd period - Stopped by Andrei Vasilevskiy without a rebound.
15:21 of 2nd period - Claude Giroux wins face-off versus Zemgus Girgensons in SACRAMENTO BANDITS zone.
15:21 of 2nd period - Claude Giroux is hit by Mike Sgarbossa.
15:37 of 2nd period - Shot by Claude Giroux.
15:37 of 2nd period - Stopped by Carter Hutton without a rebound.
15:38 of 2nd period - Jeff Skinner wins face-off versus Jordan Martinook in SEATTLE GRUNGE zone.
15:40 of 2nd period - Tyler Seguin is hit by Jordan Martinook and loses puck.
15:56 of 2nd period - Jeff Skinner is hit by Aaron Ekblad and loses puck.
16:07 of 2nd period - Shot by Tyler Seguin.
16:07 of 2nd period - Stopped by Andrei Vasilevskiy with a rebound.
16:15 of 2nd period - Shot by Aaron Ekblad.
16:15 of 2nd period - Shot Blocked by Damon Severson.
16:36 of 2nd period - Jordan Martinook is hit by Steve Bernier and loses puck.
16:38 of 2nd period - Minor Penalty to Steve Bernier for Slashing.
16:39 of 2nd period - Michael Frolik wins face-off versus Jonathan Huberdeau in SEATTLE GRUNGE zone.
17:12 of 2nd period - Shot by John Carlson.
17:12 of 2nd period - Stopped by Carter Hutton with a rebound.
18:34 of 2nd period - Shot by John Carlson.
18:34 of 2nd period - Stopped by Carter Hutton without a rebound.
18:35 of 2nd period - Aleksander Barkov wins face-off versus Jeff Skinner in SEATTLE GRUNGE zone.
19:44 of 2nd period - Jordan Martinook is hit by Damon Severson and loses puck.
Goals for this period are 1 for SEATTLE GRUNGE vs 0 for SACRAMENTO BANDITS.
Shots for this period are 10 for SEATTLE GRUNGE vs 17 for SACRAMENTO BANDITS.

3rd period


0:01 of 3rd period - Aleksander Barkov wins face-off versus Chris Tierney in neutral zone.
0:19 of 3rd period - Icing by Matthew Grzelcyk.
0:20 of 3rd period - Claude Giroux wins face-off versus Chris Tierney in SEATTLE GRUNGE zone.
0:21 of 3rd period - Shot by Jonathan Huberdeau.
0:21 of 3rd period - Stopped by Carter Hutton without a rebound.
0:22 of 3rd period - Oskar Sundqvist wins face-off versus Jakub Voracek in SEATTLE GRUNGE zone.
0:47 of 3rd period - Icing by Ivan Provorov.
0:48 of 3rd period - Zemgus Girgensons wins face-off versus Claude Giroux in SACRAMENTO BANDITS zone.
0:52 of 3rd period - Icing by Aaron Ekblad.
0:53 of 3rd period - Claude Giroux wins face-off versus Chris Tierney in SACRAMENTO BANDITS zone.
0:53 of 3rd period - Claude Giroux is hit by Brandon Saad.
1:37 of 3rd period - Off-side.
1:38 of 3rd period - Aleksander Barkov wins face-off versus Zemgus Girgensons in neutral zone.
1:40 of 3rd period - Off-side.
1:41 of 3rd period - Aleksander Barkov wins face-off versus Zemgus Girgensons in neutral zone.
1:52 of 3rd period - Shot by Jamie Benn.
1:52 of 3rd period - Shot Blocked by Damon Severson.
2:13 of 3rd period - Icing by John Carlson.
2:14 of 3rd period - Aleksander Barkov wins face-off versus Oskar Sundqvist in SACRAMENTO BANDITS zone.
2:22 of 3rd period - Aleksander Barkov is hit by Seth Jones and loses puck.
2:32 of 3rd period - Aleksander Barkov is hit by Roman Josi and loses puck.
3:15 of 3rd period - Claude Giroux is hit by Steve Bernier and loses puck.
3:26 of 3rd period - Shot by Claude Giroux.
3:26 of 3rd period - Stopped by Carter Hutton without a rebound.
3:27 of 3rd period - Jordan Martinook wins face-off versus Zemgus Girgensons in SEATTLE GRUNGE zone.
3:52 of 3rd period - Travis Sanheim is hit by Jordan Martinook and loses puck.
3:58 of 3rd period - Zemgus Girgensons is hit by Kevin Connauton and loses puck.
4:08 of 3rd period - Zemgus Girgensons is hit by Vince Dunn and loses puck.
4:32 of 3rd period - Shot by Tyler Seguin.
4:32 of 3rd period - Shot Misses the Net.
4:35 of 3rd period - Jeff Skinner is hit by Kevin Connauton and loses puck.
4:44 of 3rd period - Shot by Tyler Seguin.
4:44 of 3rd period - Stopped by Andrei Vasilevskiy without a rebound.
4:45 of 3rd period - Aleksander Barkov wins face-off versus Chris Tierney in SACRAMENTO BANDITS zone.
5:40 of 3rd period - Shot by Tyler Seguin.
5:40 of 3rd period - Stopped by Andrei Vasilevskiy with a rebound.
6:10 of 3rd period - Shot by Jakub Voracek.
6:10 of 3rd period - Shot Misses the Net.
6:12 of 3rd period - Shot by Claude Giroux.
6:12 of 3rd period - Stopped by Carter Hutton without a rebound.
6:13 of 3rd period - Zemgus Girgensons wins face-off versus Jakub Voracek in SEATTLE GRUNGE zone.
6:19 of 3rd period - Off-side.
6:20 of 3rd period - Claude Giroux wins face-off versus Zemgus Girgensons in neutral zone.
6:31 of 3rd period - Shot by Jonathan Huberdeau.
6:31 of 3rd period - Stopped by Carter Hutton with a rebound.
7:11 of 3rd period - Icing by Travis Sanheim.
7:12 of 3rd period - Aleksander Barkov wins face-off versus Zemgus Girgensons in SEATTLE GRUNGE zone.
7:42 of 3rd period - Shot by Brandon Saad.
7:42 of 3rd period - Stopped by Andrei Vasilevskiy without a rebound.
7:43 of 3rd period - Oskar Sundqvist wins face-off versus Jordan Martinook in SACRAMENTO BANDITS zone.
7:46 of 3rd period - Shot by Rasmus Dahlin.
7:46 of 3rd period - Stopped by Andrei Vasilevskiy with a rebound.
8:12 of 3rd period - Shot by Oskar Sundqvist.
8:12 of 3rd period - Shot Blocked by Vince Dunn.
8:17 of 3rd period - Vladimir Sobotka is hit by Kevin Connauton and loses puck.
8:24 of 3rd period - Shot by Oskar Sundqvist.
8:24 of 3rd period - Stopped by Andrei Vasilevskiy without a rebound.
8:25 of 3rd period - Chris Tierney wins face-off versus Aleksander Barkov in SACRAMENTO BANDITS zone.
8:32 of 3rd period - Shot by Brandon Saad.
8:32 of 3rd period - Shot Misses the Net.
8:34 of 3rd period - Shot by Michael Frolik.
8:34 of 3rd period - Shot Misses the Net.
8:36 of 3rd period - Shot by Brandon Saad.
8:36 of 3rd period - Stopped by Andrei Vasilevskiy without a rebound.
8:37 of 3rd period - Claude Giroux wins face-off versus Tyler Seguin in SACRAMENTO BANDITS zone.
8:43 of 3rd period - Icing by Tyler Seguin.
8:44 of 3rd period - Tyler Seguin wins face-off versus Aleksander Barkov in SEATTLE GRUNGE zone.
9:36 of 3rd period - Aleksander Barkov is hit by Roman Josi and loses puck.
10:03 of 3rd period - Icing by John Carlson.
10:04 of 3rd period - Claude Giroux wins face-off versus Chris Tierney in SACRAMENTO BANDITS zone.
10:13 of 3rd period - Shot by Jonathan Huberdeau.
10:13 of 3rd period - Stopped by Carter Hutton without a rebound.
10:14 of 3rd period - Oskar Sundqvist wins face-off versus Jordan Martinook in SEATTLE GRUNGE zone.
10:22 of 3rd period - Jordan Martinook is hit by Steve Bernier and loses puck.
10:49 of 3rd period - Shot by Matthew Grzelcyk.
10:49 of 3rd period - Stopped by Andrei Vasilevskiy with a rebound.
11:04 of 3rd period - Icing by Kevin Connauton.
11:05 of 3rd period - Chris Tierney wins face-off versus Jordan Martinook in SACRAMENTO BANDITS zone.
12:16 of 3rd period - Brandon Saad is hit by Jonathan Huberdeau.
12:57 of 3rd period - Claude Giroux is hit by Seth Jones and loses puck.
13:11 of 3rd period - Shot by Jordan Martinook.
13:11 of 3rd period - Deflect By Clayton Keller.
13:11 of 3rd period - Shot Misses the Net.
13:28 of 3rd period - Jujhar Khaira is hit by Roman Josi and loses puck.
14:43 of 3rd period - Icing by Aaron Ekblad.
14:44 of 3rd period - Tyler Seguin wins face-off versus Claude Giroux in SACRAMENTO BANDITS zone.
15:02 of 3rd period - Off-side.
15:03 of 3rd period - Jordan Martinook wins face-off versus Chris Tierney in neutral zone.
15:28 of 3rd period - Vince Dunn is hit by Brandon Saad and loses puck.
15:44 of 3rd period - Shot by Jordan Martinook.
15:44 of 3rd period - Shot Blocked by Michael Frolik.
16:33 of 3rd period - Icing by Damon Severson.
16:34 of 3rd period - Aleksander Barkov wins face-off versus Chris Tierney in SEATTLE GRUNGE zone.
17:43 of 3rd period - Minor Penalty to Jujhar Khaira for Holding.
17:43 of 3rd period - Minor Penalty to Matthew Grzelcyk for Holding.
17:44 of 3rd period - Jordan Martinook wins face-off versus Tyler Seguin in SEATTLE GRUNGE zone.
18:35 of 3rd period - Scott Laughton is hit by Mike Sgarbossa and loses puck.
18:52 of 3rd period - Shot by Scott Laughton.
18:52 of 3rd period - Deflect By Jakub Voracek.
18:52 of 3rd period - Shot Misses the Net.
18:54 of 3rd period - Shot by Jakub Voracek.
18:54 of 3rd period - Stopped by Carter Hutton without a rebound.
18:55 of 3rd period - Chris Tierney wins face-off versus Jordan Martinook in SEATTLE GRUNGE zone.
19:03 of 3rd period - Off-side.
19:04 of 3rd period - Jordan Martinook wins face-off versus Chris Tierney in neutral zone.
19:10 of 3rd period - Off-side.
19:11 of 3rd period - Jordan Martinook wins face-off versus Tyler Seguin in neutral zone.
19:14 of 3rd period - Tyler Seguin is hit by Jordan Martinook and loses puck.
19:21 of 3rd period - SEATTLE GRUNGE, Carter Hutton is pulled from the net.
Goals for this period are 0 for SEATTLE GRUNGE vs 0 for SACRAMENTO BANDITS.
Shots for this period are 7 for SEATTLE GRUNGE vs 6 for SACRAMENTO BANDITS.


DARCY
KUEMPER
JAKE
OETTINGER
NINO
NIEDERREITER

EAST COAST

HOCKEY LEAGUE

  • 1.CHI2QUE4
  • 2.LIM2CHA3
  • 3.LON3TRV5
  • 4.BAL5CHW6
  • 5.MANPIT
  • 6.NHWATL
  • 7.PETWOR
  • 8.RHI